 Dungeon Crawl Stone Soup version 0.28-a0-1594-ga885d4b3d6 (webtiles) character file.

Game seed: 4158722327362683935

46 psuckher the Sneak (level 3, -1/27 HPs)
             Began as a Demonspawn Brigand on Jan 20, 2022.
             Slain by a goblin (2 damage)
             ... led by Robin
             ... on level 2 of the Dungeon.
             The game lasted 00:06:40 (1325 turns).

psuckher the Sneak (Demonspawn Brigand)             Turns: 1325, Time: 00:06:41

Health: -1/27      AC:  3    Str: 11    XL:     3   Next: 46%
Magic:  3/3        EV: 12    Int: 12    God:
Gold:   32         SH:  0    Dex: 16    Spells: 2/2 levels left

rFire   . . .      SeeInvis +   a - +2 dagger
rCold   . . .      Faith    .   (no shield)
rNeg    . . .      Spirit   .   b - +0 robe
rPois   .          Reflect  .   (helmet restricted)
rElec   .          Harm     .   c - +0 cloak
rCorr   .          Rampage  .   (no gloves)
Will    .....                   (no boots)
Stlth   +++.......              (no amulet)
HPRegen 0.09/turn               g - ring of see invisible
MPRegen 0.08/turn               (no ring)

@: no status effects
A: antennae 1
a: no special abilities


You were on level 2 of the Dungeon.
You visited 1 branch of the dungeon, and saw 2 of its levels.

You collected 32 gold pieces.

Inventory:

Hand Weapons
 a - a +2 dagger (weapon)
Missiles
 d - 4 poisoned darts (quivered)
 e - 6 curare-tipped darts
Armour
 b - a +0 robe (worn)
 c - a +0 cloak (worn)
Magical Staves
 k - a staff of conjuration
Jewellery
 g - a ring of see invisible (left hand)
Scrolls
 j - a scroll of magic mapping {unknown}
Potions
 f - a potion of heal wounds {unknown}
 h - a potion of curing {unknown}
 i - a potion of degeneration {unknown}


   Skills:
 + Level 2.3 Fighting
 + Level 2.0 Short Blades
 + Level 1.8 Throwing
 + Level 1.2 Dodging
 + Level 4.5 Stealth


You had 2 spell levels left.
You didn't know any spells.
Your spell library contained the following spells:

 Spells                   Type           Power      Damage    Failure   Level
 Passage of Golubria      Tloc           0%         N/A       97%         4
 Silence                  Hex/Air        0%         N/A       100%        5
 Lehudib's Crystal Spear  Conj/Erth      0%         10d2      100%        8


Dungeon Overview and Level Annotations

Branches:
Dungeon (2/15)

Altars:

Shops:
D:1 =

Annotations:
D:2 Robin


Innate Abilities, Weirdness & Mutations

You have a pair of small antennae on your head.


Message History

You throw a poisoned dart. The poisoned dart hits Robin.
Throw: 6 darts (poison)
Press: ? - help, Q - select action, (/) - cycle Shift-Dir - straight line, f - Robin
Aim: Robin, wielding a +0 vampiric spear, wearing a +0 animal skin and wearing a +0 helmet (unusually resistant, 68% to hit)
You throw a poisoned dart. The poisoned dart hits Robin.
Throw: 5 darts (poison)
Press: ? - help, Q - select action, (/) - cycle Shift-Dir - straight line, f/p - Robin
Aim: Robin, wielding a +0 vampiric spear, wearing a +0 animal skin and wearing a +0 helmet (unusually resistant, 68% to hit)
You throw a poisoned dart. The poisoned dart barely misses Robin.
The goblin shouts!
A goblin comes into view. It is wielding a +0 club.
Robin hits you with a +0 vampiric spear.
You hit Robin.
Robin is moderately wounded.
Robin roars a battlecry!
The goblins go into a battle-frenzy!
A goblin comes into view. It is wielding a +0 dagger.
You hit Robin.
Robin is moderately wounded.
Robin throws the goblin at you!
A goblin comes into view. It is wielding a +0 club.
The goblin hits you with a +0 club.
You hit Robin.
Robin is severely wounded.
Robin says, "Kneel, worm!"
Robin hits you with a +0 vampiric spear.
* * * LOW HITPOINT WARNING * * *
Robin draws strength from your wounds! The goblin barely misses you.
You hit Robin.
Robin is severely wounded.
Robin throws the goblin at you! The goblin hits you with a +0 club.
* * * LOW HITPOINT WARNING * * *
A goblin comes into view. It is wielding a +0 dagger.
The goblin barely misses you.
You hit Robin but do no damage.
Robin is severely wounded.
Robin throws the goblin at you! The goblin hits you with a +0 club.
* * * LOW HITPOINT WARNING * * *
The goblin hits you with a +0 club.
You die...

##.....###.####...
#..#.###.........#
#####.##.##..#.#.....#
#........#..##........
#.###......###.†.##.##
..###.########...# #
†##...# ###.)..# #
.....## #....g##.##.#
####.##.....#..g@g((g(#
###.##.#####..gg..####
##...# #..###.# ...###
#..# ... .### #....
##.# .# #....# # ...
#....# ...# ...###
##...


You could see Robin (resistant) and 5 goblins.

Vanquished Creatures
  A worm (D:2)
  A dart slug (D:2)
  4 endoplasms
  5 goblins
  8 hobgoblins
  5 jackals
  A quokka (D:1)
  A ball python (D:1)
  5 bats (D:1)
  3 frilled lizards
  3 rats
37 creatures vanquished.

Notes
Turn   | Place    | Note
-------+----------+-------------------------------------------
     0 | D:1      | psuckher the Demonspawn Brigand began the quest for the
                  | Orb.
     0 | D:1      | Reached XP level 1. HP: 16/16 MP: 1/1
    40 | D:1      | Reached skill level 1 in Dodging
   154 | D:1      | Gained mutation: You have a pair of small antennae on your
                  | head. [demonic ancestry]
   154 | D:1      | Reached XP level 2. HP: 6/22 MP: 2/2
   157 | D:1      | Reached skill level 4 in Stealth
   420 | D:1      | Found Migait's Jewellery Shoppe.
   904 | D:1      | Reached XP level 3. HP: 27/27 MP: 3/3
  1312 | D:2      | Noticed Robin
  1325 | D:2      | HP: 1/27 [goblin[Robin] (3)]
  1325 | D:2      | Slain by a goblin

Illustrated notes

Levels and vault maps discovered:
D:1:      dpeg_arrival_line_fractal, layout_loops_ring, serial_shops, shop,
          kennysheep_nondescript
D:2:      layout_rooms, corexii_leaking_fountain, uniq_robin,
          uniq_crazy_yiuf_cottage

Skill      XL: |  1  2 |
---------------+-------+-----
Dodging        | 1 |  1.2
Stealth        | 4 |  4.5
Short Blades   | 2 |  2.0
Fighting       | |  2.3
Throwing       | |  1.8

Action                   || total
-------------------------++-------
Melee: Dagger            ||   121
       Punch             ||     3
Throw: Dart              ||     8
 Stab: Sleeping          ||     8
Armor: Robe              ||    34
Dodge: Dodged            ||    94

Table legend: (Time is in decaauts)
 A = Elapsed time spent in this place.
 B = Non-inter-level travel time spent in this place.
 C = Inter-level travel time spent in this place.
 D = Time resting spent in this place.
 E = Time spent auto-exploring this place.
 F = Levels seen in this place.
 G = Mean time per level.
                   A        B        C        D        E       F      G
               +--------+--------+--------+--------+--------+-----+--------+
         Total |   1312 |   1199 |    113 |      0 |      0 |   2 |  656.0 |
       Dungeon |   1312 |   1199 |    113 |      0 |      0 |   2 |  656.0 |
               +--------+--------+--------+--------+--------+-----+--------+

Top non-repeatable levels by time:
     D:1: 1001 daAuts
     D:2: 311 daAuts
